AoeStats
← Eidolon

Arabia

507189137Analyzed
1v1 RM · 15d ago on Sep 17, 2026· 41m 45s· 2 players
Game mode
Random Map
Map size
Tiny (2 player)
Population
200
Speed
Normal
Resources
Standard
Victory
Conquest
Starting age
Dark Age
Ending age
Imperial Age
RankedLock teamsTeams togetherTeam positionsShared explorationLock speedFull tech treeHidden civsTurbo modeCheats
Victory
Defeat
🇫🇷 Armenians · France
1199
+18
🇨🇦 Aztecs · Canada
1240
-18
Cryptomage
7:03 Loom
10:37 Feudal Age
10:38 Man-at-Arms
11:05 Arson
11:36 Long Swordsman
13:04 Scale Mail Armor
19:00 Fletching
19:40 Horse Collar
19:47 Double-Bit Axe
21:11 Padded Archer Armor
21:22 Forging
28:42 Castle Age
27:42 Gold Mining
29:05 Two-Handed Swordsman
29:46 Squires
30:07 Chain Mail Armor
29:48 Gambesons
31:52 Iron Casting
34:30 Champion
36:25 Bodkin Arrow
Eidolon
9:10 Feudal Age
13:36 Loom
15:22 Double-Bit Axe
20:49 Castle Age
30:45 Horse Collar
37:06 Redemption
40:02 Sanctity
39:37 Gold Mining
41:21 Scale Mail Armor
Connection lost

Rejoining the realm…

Still unreachable

The connection could not be restored.

Session expired

The server has moved on; the page needs a fresh start.